 Dungeon Crawl Stone Soup version 0.21.0 (webtiles) character file.

136 Jynx the Changer (level 4, 0/35 HPs)
             Began as a Draconian Transmuter on Jan 6, 2018.
             Was an Initiate of Okawaru.
             Slain by a phantom (5 damage)
             ... on level 4 of the Dungeon.
             The game lasted 00:06:31 (2559 turns).

Jynx the Changer (Draconian Transmuter)             Turns: 2559, Time: 00:06:31

Health: 0/35       AC:  5    Str: 13    XL:     4   Next: 98%
Magic:  0/8        EV: 12    Int: 13    God:    Okawaru [......]
Gold:   231        SH:  0    Dex: 15    Spells: 3/9 levels left

rFire    . . .     SeeInvis .     - Unarmed
rCold    . . .     Gourm    .   (no shield)
rNeg     . . .     Faith    .   (armour unavailable)
rPois    .         Spirit   .   (helmet restricted)
rElec    .         Reflect  .   (no cloak)
rCorr    .         Harm     .   (no gloves)
MR       .....                  (boots currently unavailable)
Stlth    +.........             (no amulet)
HPRegen  0.11/turn              i - +3 ring of dexterity
MPRegen  0.11/turn              (no ring)

@: appendage
A: unfitting armour, talons 3, cold-blooded, AC +5
a: End Transformation, Renounce Religion


You were on level 4 of the Dungeon.
You worshipped Okawaru.
Okawaru was noncommittal.
You were very hungry.
You had grown temporary talons.
You visited 1 branch of the dungeon, and saw 4 of its levels.

You collected 231 gold pieces.

Inventory:

Missiles
 a - 26 arrows
Jewellery
 i - a +3 ring of dexterity (left hand)
Scrolls
 l - 2 scrolls of magic mapping
 q - a scroll of teleportation
Potions
 g - a potion of heal wounds {unknown}
 j - a potion of lignification {unknown}
 k - a potion of cancellation {unknown}
 m - 2 potions of might {unknown}
 n - a potion of flight {unknown}
 s - a potion of haste {unknown}
Books
 b - a book of Changes

   Spells                             Type                      Level
   a - Beastly Appendage              Transmutation                1
   b - Sticks to Snakes               Transmutation                2
   c - Spider Form                    Transmutation/Poison         3
   d - Ice Form                       Ice/Transmutation            4
   e - Blade Hands                    Transmutation                5
Comestibles
 c - 3 rations


   Skills:
 - Level 1.1 Fighting
 - Level 1.7 Dodging
 - Level 3.0 Unarmed Combat
 + Level 3.1 Spellcasting
 * Level 4.4 Transmutations


You had 3 spell levels left.
You knew the following spells:

 Your Spells              Type           Power        Failure   Level  Hunger
a - Beastly Appendage     Tmut           ##....       3%          1    #......
b - Sticks to Snakes      Tmut           ##......     5%          2    ##.....
c - Spider Form           Tmut/Pois      #.........   26%         3    ###....


Dungeon Overview and Level Annotations

Branches:
Dungeon (4/15)
 Temple: D:4-7

Altars:
Okawaru
Ru
Uskayaw
Zin


Innate Abilities, Weirdness & Mutations

Your plain brown scales are hard. (AC +5)
You cannot fit into any form of body armour.
You are cold-blooded and may be slowed by cold attacks.
You have claws for feet.


Message History

Casting: Beastly Appendage
Confirm with . or Enter, or press ? or * to list all spells.
Your feet morph into talons.
Casting: Beastly Appendage
Confirm with . or Enter, or press ? or * to list all spells.
You create a snake!
You now have 26 arrows.
The phantom hits you but does no damage.
You miss the phantom. Your kick misses the phantom.
Your tail-slap misses the phantom.
The phantom is almost destroyed.
The phantom hits you.
* * * LOW HITPOINT WARNING * * *
You barely miss the phantom.
Your tail-slap misses the phantom.
The phantom is almost destroyed.
The phantom barely misses you.
Your ball python bites the phantom but does no damage.
You hit the phantom.
The phantom is almost destroyed.
The phantom hits you.
You die...

#......)...W#.####.......#
#.#.#######..............#
##.#####.####..# #.# #.#
#..# ###.# #.# #..# #...#
#.# #..#
####...#####.####..###.#
.........SW..<##........#
....(.....@......#..#####
###.......###.####..#
###...### #.# #..# #<..#
#.. ...# ###.. .... ..##
### ########


You could see a phantom and a friendly ball python.

Vanquished Creatures
  4 adders
  An ooze (D:2)
  A worm (D:3)
  2 dart slugs
  3 leopard geckos
  2 orcs
  4 giant cockroaches
  20 goblins
  9 hobgoblins
  A quokka (D:4)
  6 bats
  2 frilled lizards
  10 kobolds
  5 rats (D:1)
70 creatures vanquished.

Vanquished Creatures (collateral kills)
  An adder (D:4)
  A worm (D:2)
  A bat (D:2)
3 creatures vanquished.

Grand Total: 73 creatures vanquished

Notes
Turn   | Place    | Note
-------+----------+-------------------------------------------
     0 | D:1      | Jynx the Draconian Transmuter began the quest for the Orb.
     0 | D:1      | Reached XP level 1. HP: 16/16 MP: 3/3
   351 | D:1      | Reached XP level 2. HP: 23/23 MP: 5/5
   636 | D:1      | Learned a level 2 spell: Sticks to Snakes
   708 | D:2      | Reached skill level 3 in Transmutations
   719 | D:2      | Reached XP level 3. HP: 19/28 MP: 4/6
  1135 | D:2      | Reached XP level 4. HP: 27/35 MP: 6/8
  1302 | D:2      | Learned a level 3 spell: Spider Form
  1719 | D:3      | Reached skill level 4 in Transmutations
  1780 | D:3      | Found a sacrificial altar of Ru.
  1782 | D:3      | Found a hide-covered altar of Uskayaw.
  1782 | D:3      | Found a glowing silver altar of Zin.
  1884 | D:3      | Found an iron altar of Okawaru.
  1892 | D:3      | Became a worshipper of Warmaster Okawaru
  2125 | D:4      | Noticed a phantom
  2559 | D:4      | Slain by a phantom

Skill      XL: |  1  2  3  4 |
---------------+-------------+-----
Transmutations | 3 4 |  4.4
Spellcasting   | 3 |  3.1
Fighting       | |  1.1
Dodging        | |  1.7
Unarmed Combat | |  3.0

Action                   |  1- 3 |  4- 6 || total
-------------------------+-------+-------++-------
Melee: Unarmed           |   127 |   145 ||   272
       Headbutt          |    10 |     8 ||    18
       Kick              |     9 |    14 ||    23
       Tailslap          |    14 |    21 ||    35
       Punch             |     1 |     3 ||     4
 Cast: Beastly Appendage |    21 |    21 ||    42
       Sticks to Snakes  |     3 |    12 ||    15
  Use: Scroll            |       |     9 ||     9
 Stab: Distracted        |       |     1 ||     1
  Eat: Chunk             |     1 |     5 ||     6
Armor: Skin              |    47 |    39 ||    86
Dodge: Dodged            |    88 |    85 ||   173
